 Dungeon Crawl Stone Soup version 0.28.0-45-g0d030f2227 (webtiles) character file.

Game seed: 11345063497794959479

6607 nickcage the Fighter (level 11, 0/89 HPs)
             Began as a Djinni Fire Elementalist on Apr 12, 2022.
             Was an Initiate of Qazlal.
             Shot with an arrow by a centaur (11 damage)
             ... on level 9 of the Dungeon.
             The game lasted 00:36:50 (14768 turns).

nickcage the Fighter (Djinni Fire Elementalist)    Turns: 14768, Time: 00:36:50

Health: 0/89       AC:  6    Str:  7    XL:     11   Next: 21%
Gold:   495        EV: 12    Int: 27    God:    Qazlal [......] SH:  0 Dex: 14

rFire   + + .      SeeInvis .   I - +4 falchion
rCold   x . .      Faith    .   (no shield)
rNeg    . . .      Spirit   .   E - +0 steam dragon scales
rPois   ∞          Reflect  .   (no helmet)
rElec   .          Harm     .   (no cloak)
rCorr   .          Rampage  .   (no gloves)
Will    +....                   (boots unavailable)
Stlth   ++........              (no amulet)
HPRegen 0.24/turn               J - +6 ring of intelligence
MPRegen 0.00/turn               (no ring)

@: flying
A: sickness immunity, fire resistance 2, cold vulnerability 1, float, innate
caster, HP casting, extra vitality 1
a: Renounce Religion


You were on level 9 of the Dungeon.
You worshipped Qazlal.
Qazlal was noncommittal.
You visited 2 branches of the dungeon, and saw 10 of its levels.
You also visited: Sewer.

You collected 495 gold pieces.

Inventory:

Hand Weapons
 d - a +0 dagger
 m - a +0 scythe
 s - a +2 dagger of freezing
 I - a +4 falchion (weapon)
Missiles
 b - 3 curare-tipped darts
 M - a throwing net
Armour
 a - a +1 robe
 t - the +0 scale mail of the Elven Halls {Int+3}
   (You found it on level 4 of the Dungeon)

   Int:       It affects your intelligence (+3).
 B - a scarf of shadows
 E - +0 steam dragon scales (worn)
 G - +0 ice dragon scales
Jewellery
 J - a +6 ring of intelligence (left hand)
Wands
 k - a wand of digging (4)
 D - a wand of iceblast (13)
 F - a wand of flame (27)
 N - a wand of paralysis (6)
Scrolls
 f - a scroll of enchant armour
 i - 3 scrolls of magic mapping
 r - 2 scrolls of teleportation
 u - 4 scrolls of identify
 v - a scroll of summoning
 w - a scroll of noise {unknown}
 y - a scroll of blinking {unknown}
 A - a scroll of fear {unknown}
 C - 2 scrolls of immolation {unknown}
 K - a scroll of amnesia {unknown}
 L - a scroll of torment {unknown}
Potions
 c - 7 potions of might
 e - 7 potions of invisibility {unknown}
 g - 2 potions of mutation
 h - 4 potions of curing {unknown}
 j - 2 potions of ambrosia {unknown}
 l - 2 potions of heal wounds {unknown}
 n - 4 potions of flight {unknown}
 p - 3 potions of haste {unknown}
 q - a potion of degeneration {unknown}
 x - 2 potions of berserk rage
 z - a potion of lignification {unknown}
 H - a potion of cancellation {unknown}


   Skills:
 + Level 12.0 Fighting
 + Level 5.1 Armour
 - Level 2.1 Dodging
 - Level 1.5 Stealth
 - Level 8.0 Spellcasting


You couldn't memorise any spells.
You knew the following spells:

 Your Spells              Type           Power      Damage    Failure   Level
a - Foxfire               Conj/Fire      100%       2x1d9     1%          1
b - Scorch                Fire           100%       2d10      1%          2
c - Conjure Flame         Conj/Fire      52%        6-21      1%          3
d - Inner Flame           Hex/Fire       52%        N/A       1%          3
e - Flame Wave            Conj/Fire      52%        2d11      1%          4
f - Freeze                Ice            100%       1d11      1%          1
g - Poisonous Vapours     Pois/Air       100%       N/A       1%          2
h - Confusing Touch       Hex            52%        N/A       1%          3
i - Summon Lightning Spi  Summ/Air       52%        N/A       1%          4
j - Borgnjor's Vile Clut  Necr/Erth      26%        N/A       5%          5
Your spell library was empty.

Dungeon Overview and Level Annotations

Branches:
Dungeon (9/15)             Temple (1/1) D:7            Lair (0/6) D:9
  Sewer (visited)
    Orc: D:9-12

Altars:
Ashenzari
Cheibriados
Dithmenos
Fedhas
Gozag
Nemelex Xobeh
Qazlal
Sif Muna
Trog
Uskayaw
Vehumet
Xom
Yredelemnul
The Shining One

Shops:
D:3 [   D:4 :

Annotations:
D:7 1 runed translucent door, AverageBear's ghost, novice DDFi
D:9 Joseph


Innate Abilities, Weirdness & Mutations

You are immune to sickness and miasma.
You are immune to poison.
Your flesh is very heat resistant. (rF++)
You are vulnerable to cold. (rC-)
You float through the air rather than walking.
You learn spells naturally, not from books.
Your magical power is your life essence.
You have superior vitality. (+4 MHP)


Message History

The kobold brigand hits your orc priest with a +0 whip!
The orc warrior misses your orc.
An orc comes into view. It is wielding a +0 hand axe.
A gnoll comes into view. It is wielding a +0 spear.
The orc warrior hits your orc with a +0 battleaxe!!
Your orc dies!
Your orc's corpse dissolves into shadows!
The kobold brigand hits your orc priest with a +0 whip.
Your orc wizard points at the orc warrior and mumbles some strange words.
The orc warrior resists with some effort.
The kobold brigand throws a poisoned dart.
The poisoned dart closely misses you.
Your orc priest hits the orc warrior but does no damage.
An orc comes into view. It is wielding a +0 short sword.
Your orc warrior hits the orc warrior but does no damage.
Your orc wizard hits the orc warrior but does no damage.
The orc warrior barely misses your orc warrior.
Your orc warrior closely misses the orc warrior.
The orc warrior hits your orc wizard with a +0 battleaxe!
The orc warrior hits your orc warrior with a +0 battleaxe!
The orc warrior misses your orc.
The orc warrior hits your orc priest with a +0 battleaxe!
Your orc priest dies!
Your orc priest's corpse dissolves into shadows!
Your orc wizard completely misses the orc warrior.
Your orc hits the orc warrior but does no damage.
The orc warrior misses your orc warrior.
The centaur shouts!
Your orc warrior closely misses the orc warrior.
The orc warrior hits your orc wizard with a +0 battleaxe!
Your orc wizard dies!
Your orc wizard's corpse dissolves into shadows!
The orc warrior hits your orc warrior with a +0 battleaxe!
The orc warrior hits your orc with a +0 battleaxe!
Your orc dies!
Your orc's corpse dissolves into shadows!
The orc warrior barely misses your orc warrior.
There is a stone staircase leading down here.
The centaur shoots an arrow.
The arrow hits you!
You die...

...........#
..c........#
...........#
...........#
...........#
...........# .#
...........# .#
.......@...# .# #
...........#
.###.#
###........#
.....#
#))......##.....#
#)).........#
#))...o..Wo.#
#....K...#oo#
#...g....#K.#
#........#..#


You could see 2 orc warriors, 2 kobold brigands, a centaur, a gnoll, an orc, a
friendly wraith (summoned) and a friendly orc warrior (summoned, poisoned).

Vanquished Creatures
  Erica (D:7)
  2 two-headed ogres
  An ugly thing (D:9)
  Maggie (D:6)
  Sigmund (D:2)
  Grum (D:8)
  A water moccasin (D:3)
  3 ice beasts
  3 orc warriors
  2 sky beasts (D:7)
  2 ogres
  2 black bears
  A necrophage (D:6)
  2 wolves (D:7)
  3 centaurs
  6 kobold brigands
  A bullfrog (D:9)
  4 scorpions
  2 gnoll sergeants
  3 killer bees (D:8)
  3 howler monkeys (D:9)
  A centaur zombie (D:7)
  2 jellies
  2 hounds (D:5)
  2 bullfrog skeletons
  4 orc priests
  Jessica (D:3)
  4 orc wizards
  9 iguanas
  2 killer bee zombies
  A hound zombie (D:4)
  A hound skeleton (D:5)
  11 gnolls
  6 river rats (Sewer)
  7 adders
  A shadow imp (D:7)
  An adder skeleton (D:4)
  5 worms
  3 dart slugs
  18 orcs
  7 ball pythons
  8 bats
  7 endoplasms
  4 giant cockroaches
  6 goblins
  5 hobgoblins
  13 jackals
  2 quokkas
  11 frilled lizards
  25 kobolds
  3 rats
217 creatures vanquished.

Vanquished Creatures (others)
  An orc wizard (D:8)
  18 foxfires (D:1)
  6 fungi
  30 plants
55 creatures vanquished.

Grand Total: 272 creatures vanquished

Notes
Turn   | Place    | Note
-------+----------+-------------------------------------------
     0 | D:1      | nickcage the Djinni Fire Elementalist began the quest for
                  | the Orb.
     0 | D:1      | Reached XP level 1. HP: 15/15 MP: 0/0
   206 | D:1      | Reached skill level 1 in Fighting
   349 | D:1      | Reached XP level 2. HP: 21/22 MP: 0/0
   414 | D:1      | Found a faded altar of an unknown god.
   538 | D:1      | Reached skill level 2 in Fighting
   574 | D:1      | Reached XP level 3. HP: 13/29 MP: 0/0
   574 | D:1      | Learned a level 1 spell: Freeze
  1568 | D:2      | Reached skill level 3 in Fighting
  2023 | D:2      | Reached XP level 4. HP: 20/35 MP: 0/0
  2327 | D:2      | Noticed Sigmund
  2331 | D:2      | Killed Sigmund
  2332 | D:2      | Reached skill level 5 in Fighting
  2332 | D:2      | Reached XP level 5. HP: 12/43 MP: 0/0
  2332 | D:2      | Learned a level 2 spell: Poisonous Vapours
  2332 | D:2      | Reached XP level 6. HP: 13/49 MP: 0/0
  3014 | D:3      | Found Ytwobic's Armour Emporium.
  3134 | D:3      | Noticed a water moccasin
  3140 | D:3      | Killed a water moccasin
  3353 | D:3      | Noticed a black bear
  3363 | D:3      | Killed a black bear
  3364 | D:3      | Reached skill level 6 in Fighting
  3364 | D:3      | Reached XP level 7. HP: 47/56 MP: 0/0
  3364 | D:3      | Learned a level 3 spell: Confusing Touch
  3502 | D:3      | Noticed Jessica
  3509 | D:3      | Killed Jessica
  4186 | D:4      | Identified the +0 scale mail of the Elven Halls {Int+3}
  4350 | D:4      | Found Gianu's Book Boutique.
  4886 | D:4      | Reached XP level 8. HP: 38/61 MP: 0/0
  5400 | D:4      | Reached skill level 5 in Spellcasting
  5619 | D:4      | Found a glowing golden altar of the Shining One.
  5758 | D:5      | Entered Level 5 of the Dungeon
  6390 | D:5      | Reached XP level 9. HP: 56/66 MP: 0/0
  6390 | D:5      | Learned a level 4 spell: Summon Lightning Spire
  6568 | D:5      | Found a snail-covered altar of Cheibriados.
  6821 | D:6      | Found a glowing drain.
  7530 | Sewer    | Entered a sewer
  8516 | D:6      | Reached skill level 1 in Armour
  8939 | D:6      | Noticed Maggie
  8944 | D:6      | Killed Maggie
  8945 | D:6      | Reached skill level 7 in Fighting
  9438 | D:7      | Found a runed translucent door.
  9442 | D:7      | Noticed AverageBear's ghost (novice DDFi)
  9483 | D:7      | Reached XP level 10. HP: 26/75 MP: 0/0
 10332 | D:7      | Found a staircase to the Ecumenical Temple.
 10332 | D:7      | Identified the +1 leather armour of Kagent Kimeq {Slay+3
                  | SInv}
 10788 | D:8      | Found a blossoming altar of Fedhas.
 10809 | D:8      | Reached skill level 8 in Fighting
 10825 | D:8      | Noticed Erica
 10843 | D:8      | Reached skill level 5 in Armour
 10847 | D:8      | Noticed Grum
 10849 | D:8      | Noticed a two-headed ogre
 11177 | Temple   | Entered the Ecumenical Temple
 11219 | Temple   | Became a worshipper of Qazlal Stormbringer
 11898 | D:7      | Killed Erica
 11899 | D:7      | Reached skill level 9 in Fighting
 12010 | D:8      | Killed Grum
 12553 | D:8      | Found a basalt altar of Yredelemnul.
 12645 | D:8      | Killed a two-headed ogre
 12646 | D:8      | Reached skill level 10 in Fighting
 12935 | D:9      | Noticed a purple ugly thing
 13056 | D:9      | Killed a purple ugly thing
 13166 | D:9      | Found a staircase to the Lair.
 13167 | D:9      | Noticed a two-headed ogre
 13188 | D:9      | Killed a two-headed ogre
 13189 | D:9      | Reached skill level 11 in Fighting
 13189 | D:9      | Reached XP level 11. HP: 73/87 MP: 0/0
 13189 | D:9      | Learned a level 5 spell: Borgnjor's Vile Clutch
 13281 | D:9      | Noticed Joseph
 14750 | D:9      | Reached skill level 12 in Fighting
 14767 | D:9      | Identified the +2 robe "Febron" {+Inv Int+3}
 14768 | D:9      | Shot with an arrow by a centaur

Illustrated notes

Levels and vault maps discovered:
D:1:      wander_arrival_peaceful_grave, layout_loops_ring,
          hellmonk_ecumenical_altar_lost_god
D:2:      layout_basic, uniq_sigmund
D:3:      layout_loops_ring, serial_shops, shop,
          wander_ebering_terrifying_dragon_lair, uniq_jessica
D:4:      layout_rooms, old_standard_altar, nicolae_sif_muna_condensation,
          serial_co_window_serial, co_window_of_opportunity_a,
          co_window_corner_a, co_window_paths_a, co_window_paths_b,
          co_window_paths_b, co_window_paths_b, co_window_of_opportunity_b,
          co_window_broadway_c, co_window_broadway_a, co_window_broadway_c,
          co_window_broadway_c, glass_columns_a, glass_columns_b,
          glass_columns_b, glass_columns_a, glass_columns_b, serial_shops, shop
D:5:      layout_basic, mainiacjoe_overflow_24_doors, minmay_pentangle
D:6:      layout_loops_ring, cheibrodos_sewer_entry_drain, uniq_maggie
D:7:      minmay_spotlight, layout_basic, minmay_temple_entry_from_below_a,
          hellmonk_ghost_happy_afterlife, supply_closet_lemuel
D:8:      layout_cave_pools, fedhas_bush_and_centaur_altar,
          general_overflow_altar, chequers_mini_garden,
          minmay_misc_feat_columns, dk_noncrumbling_4, fungi_pond_lemuel,
          uniq_grum, uniq_erica
D:9:      layout_long_grid, pf_just_have_faith, dpeg_oklobed_lair,
          kennysheep_orc_monster_closet_entryway, uniq_joseph
Temple:   jpeg_temple_island

Skill      XL: |  1  2  3  4  5  6  7  8  9 10 11 |
---------------+----------------------------------+-----
Fighting       | 1 2 3 5 6 7 11 12 | 12.0
Spellcasting   | 3 4 6 8 |  8.0
Armour         | 3 5 |  5.1
Dodging        | |  2.1
Stealth        | |  1.5

Action                   |  1- 3 |  4- 6 |  7- 9 | 10-12 || total
-------------------------+-------+-------+-------+-------++-------
Melee: Unarmed           |     4 |       |       |       ||     4
       Dagger            |     5 |       |    28 |       ||    33
       Scythe            |       |     4 |       |       ||     4
 Cast: Foxfire           |    12 |       |       |       ||    12
       Scorch            |    38 |    30 |   211 |    96 ||   375
       Conjure Flame     |       |     1 |     6 |     4 ||    11
       Flame Wave        |       |       |       |     5 ||     5
  Use: Scroll            |       |       |     3 |     5 ||     8
 Stab: Sleeping          |     2 |       |     1 |       ||     3
Armor: Robe              |     5 |     5 |    10 |       ||    20
       Steam dragon scal |       |       |     2 |    14 ||    16
Dodge: Dodged            |    12 |    13 |    41 |    40 ||   106
